Unix NetHack Version 5.0.0-0 post-release - last build May 31 2026 23:59:36 (970b52f25bf058293b47ddfd14a1e40e571c508c,branch:main).

Game began 2026-06-09 04:41:52, ended 2026-06-09 05:08:53.

Brudee, chaotic female human Rogue

                -----
                |...|     ----------------
                |...|     |..............|         -------
                |...|     |..............|         |`..<.|     --------
               #.....#0###.....>.........|         |...{..#    |>.....|
               #|...| ####-.--------------         |.....|#####.......|
               #|....##   ### #                 ###-.....|    #|......|
               #-----     #####                ##  |.....|     |......|
               ###          # #0              ##   -----.-     ------.-
                 #          #     ### -----   o         #            #####
                 #          #   ######-...|   @         #                #
                 #          #  ##    #|...|   f         ##               #
                 #        --|--#      |...|  ##          #               ###
          -------#        |.."|#      .....###           #                #
          |*.%].|#        |....#      |...|             ###        -------.-+-
          |.%.?.|#        |...|       |...|            --.--.-#    |.........|
          |(..?.-#        -----       -----            |.....-#####-.........|
          |..*).|                                      |.....|     |.........|
          -------                                      -------     -----------

Brudee the Cutpurse     St:14 Dx:18 Co:12 In:14 Wi:10 Ch:7  Chaotic S:659
Dlvl:2  $:41 HP:0(31) Pw:17(17) AC:7  Xp:4/112 T:3021 

Latest messages:
 You kick the lichen.
 You kill the lichen!
 Sparky is caught in a spider web.
 You stop waiting.
 In what direction? ^U
 You kick the newt.
 In what direction? ^U
 You kick the newt.
 You kill the newt!
 In what direction? l
 The door closes.
 In what direction? l
 As you kick the door, it crashes open!
 You learn more about your items by comparing them.
 B - an uncursed pink potion (4 in total).
 You see here a newt corpse.
 There is a newt corpse here; eat it? [ynq] (n) y
 This newt corpse is stringy.
 Sparky bites the brown mold.
 Sparky bites the brown mold.
 Sparky is suddenly very cold!
 You finish eating the newt corpse.
 Sparky misses the brown mold.
 Sparky bites the brown mold.
 In what direction? <space>
 You hear some noises.
 You swap places with Sparky.
 In what direction? j
 Really attack Sparky? [yn] (n) n
 In what direction? ^K
 You kick the hobgoblin.
 The hobgoblin wields an orcish dagger!
 In what direction? k
 Your clumsy kick does no damage.
 In what direction? ^K
 Your clumsy kick does no damage.
 In what direction? k
 You kick the hobgoblin.
 The hobgoblin thrusts his orcish dagger.
 The hobgoblin hits!
 You hit the hobgoblin.
 The hobgoblin thrusts his orcish dagger.
 The hobgoblin hits!
 In what direction? k
 You kick the hobgoblin.
 The hobgoblin thrusts his orcish dagger.
 The hobgoblin hits!
 You die...
 Do you want your possessions identified? [ynq] (y) y
 Do you want to see your attributes? [ynq] (y) q

Inventory:
 Coins    ('$')
  $ - 41 gold pieces
 Amulets  ('"')
  C - an uncursed amulet versus poison
 Armor    ('[')
  G - an uncursed +0 ring mail (being worn)
 Scrolls  ('?')
  t - an uncursed scroll of amnesia
  H - an uncursed scroll of enchant armor
 Spellbooks  ('+')
  k - an uncursed spellbook of cancellation
  D - an uncursed spellbook of healing
 Potions  ('!')
  B - 4 uncursed potions of healing
  o - an uncursed potion of object detection
  E - an uncursed potion of restore ability
 Wands    ('/')
  w - a wand of sleep (0:8)
 Tools    ('(')
  u - an uncursed tin whistle

Brudee the Rogue's attributes:

Background:
 You were a Cutpurse, a level 4 female human Rogue.
 You were chaotic, on a mission for Kos
 who was opposed by Issek (lawful) and Mog (neutral).
 You were right-handed.
 You were in the Dungeons of Doom, on level 2.
 You entered the dungeon 3021 turns ago.
 It was nighttime.
 You had 112 experience points, 48 more were needed to attain level 5.
 Your score was 659 before end-of-game adjustments.

Basics:
 You had 0 out of 31 hit points.
 You had all 17 energy points (spell power).
 Your armor class was 7.
 Your wallet contained 41 zorkmids.
 Autopickup was on for '$!=+?/"' plus thrown.

Final Characteristics:
 Your strength was 14 (limit:18/100).
 Your dexterity was 18 (limit:18).
 Your constitution was 12 (limit:18).
 Your intelligence was 14 (limit:18).
 Your wisdom was 10 (limit:18).
 Your charisma was 7 (limit:18).

Final Status:
 You weren't hungry.
 You were unencumbered.
 You were bare handed.
 You had basic skill with bare handed combat.

Final Attributes:
 You were piously aligned.
 You were telepathic.
 You were stealthy.
 You were warded.
 You were lucky.
 You are dead.

Miscellaneous:
 You didn't encounter any bones levels.
 Total elapsed playing time was 26 minutes and 59 seconds.

Major events:
 Turn
    1: Brudee the chaotic female human Rogue entered the dungeon
  235: attained the rank of Cutpurse (level 3)
 3021: killed by a hobgoblin

You didn't know any spells.

Skills:
 Fighting Skills
   bare handed combat [Basic]
   two weapon combat  [Unskilled]
   riding             [Unskilled]
 Weapon Skills
   dagger             [Basic]
   knife              [Unskilled]
   short sword        [Basic]
   broadsword         [Unskilled]
   long sword         [Unskilled]
   two-handed sword   [Unskilled]
   saber              [Unskilled]
   club               [Unskilled]
   mace               [Unskilled]
   morning star       [Unskilled]
   flail              [Unskilled]
   hammer             [Unskilled]
   polearms           [Unskilled]
   spear              [Unskilled]
   crossbow           [Unskilled]
   dart               [Unskilled]
   shuriken           [Unskilled]
 Spellcasting Skills
   divination spells  [Unskilled]
   escape spells      [Unskilled]
   matter spells      [Unskilled]

Voluntary challenges:
 Character rerolling was not enabled.
 You never hit with a wielded weapon.
 You never genocided any monsters.
 You never polymorphed an object.
 You never changed form.
 You used no wishes.
Achievements:
 You attained the rank of Cutpurse.
 You entered a shop.

 The Dungeons of Doom: levels 1 to 4
    Level 1:
       Many fountains, many trees.
    Level 2: <- You were here.
       A general store, a fountain.
       Final resting place for
          you, killed by a hobgoblin.
    Level 3:
       A sink.
    Level 4:
       An altar to Kos, a grave.


Vanquished creatures:
  7 wood nymphs
  a floating eye
  2 rothes
  2 iguanas
 an acid blob
  a large kobold
  4 giant rats
  a cave spider
  a yellow mold
  a red mold
  3 geckos
  2 jackals
  2 kobolds
  4 sewer rats
  7 grid bugs
  a bat
  a lichen
  2 newts
43 creatures vanquished.

No species were genocided or became extinct.

Game over:
                       ----------
                      /          \
                     /    REST    \
                    /      IN      \
                   /     PEACE      \
                  /                  \
                  |      Brudee      |
                  |      41 Au       |
                  |   killed by a    |
                  |    hobgoblin     |
                  |                  |
                  |                  |
                  |       2026       |
                 *|     *  *  *      | *
        _________)/\\_//(\/(/\)/\//\/|_)_______

Goodbye Brudee the Rogue...

You died in The Dungeons of Doom on dungeon level 2 with 655 points,
and 41 pieces of gold, after 3021 moves.
You were level 4 with a maximum of 31 hit points when you died.

